 Dungeon Crawl Stone Soup version 0.29.1-15-g9cfb28693d (webtiles) character file.

Game seed: 2412920278904681698

1145 ThatPearl the Grave Robber (level 8, -4/62 HPs)
             Began as a Demonspawn Necromancer on Mar 14, 2023.
             Was a Follower of Vehumet.
             Slain by a troll (9 damage)
             ... on level 6 of the Dungeon.
             The game lasted 00:19:15 (5653 turns).

ThatPearl the Grave Robber (Demonspawn Necromancer) Turns: 5653, Time: 00:19:15

Health: -4/62      AC:  4    Str: 12    XL:     8   Next: 15%
Magic:  4/24       EV: 14    Int: 21    God:    Vehumet [*.....]
Gold:   322        SH:  0    Dex: 14    Spells: 9/17 levels left

rFire   . . .      SeeInvis .   H - +4 war axe "Polocrem" {vorpal, Str+4 Int+2}
rCold   . . .      Faith    .   (no shield)
rNeg    . . .      Spirit   .   a - +0 robe
rPois   .          Reflect  .   (no helmet)
rElec   .          Harm     .   i - +0 cloak
rCorr   .          Rampage  .   y - +0 pair of gloves
Will    .....                   (no boots)
Stlth   ++........              d - amulet of the acrobat
HPRegen 0.20/turn               x - ring of magical power
MPRegen 0.19/turn               (no ring)

@: very slightly contaminated
A: repulsion field 1, powered by death 3, demonic touch 2
a: Renounce Religion


You were on level 6 of the Dungeon.
You worshipped Vehumet.
Vehumet was aware of your devotion.
You visited 2 branches of the dungeon, and saw 7 of its levels.
You also visited: Ossuary.

You collected 322 gold pieces.

Inventory:

Hand Weapons
 m - a +0 short sword
 v - a +0 war axe
 H - the +4 war axe "Polocrem" (weapon) {vorpal, Str+4 Int+2}
   (You found it on level 6 of the Dungeon)

   It inflicts extra damage upon your enemies.
   Str:       It affects your strength (+4).
   Int:       It affects your intelligence (+2).
Missiles
 j - 5 poisoned darts
 p - 75 stones
 B - 4 boomerangs
Armour
 a - a +0 robe (worn)
 i - a +0 cloak (worn)
 y - a +0 pair of gloves (worn)
Magical Staves
 g - a staff of cold
 C - a staff of conjuration
Jewellery
 d - an amulet of the acrobat (around neck)
 x - a ring of magical power (left hand)
Scrolls
 e - a scroll of magic mapping {unknown}
 k - 2 scrolls of fear {unknown}
 l - a scroll of enchant weapon {unknown}
 o - a scroll of blinking {unknown}
 q - a scroll of noise {unknown}
 r - 2 scrolls of amnesia {unknown}
 s - a scroll of butterflies {unknown}
 w - 4 scrolls of teleportation {unknown}
 E - a scroll of enchant armour {unknown}
 G - a scroll of summoning {unknown}
 I - a scroll of immolation {unknown}
Potions
 b - a potion of magic
 f - 3 potions of brilliance
 h - 7 potions of curing
 n - a potion of mutation
 t - 2 potions of might
 u - 2 potions of flight {unknown}
 z - 4 potions of heal wounds {unknown}
 F - a potion of lignification {unknown}
 J - a potion of berserk rage {unknown}
 K - a potion of resistance {unknown}


   Skills:
 + Level 5.0 Fighting
 - Level 1.7 Dodging
 - Level 1.7 Stealth
 + Level 5.1 Spellcasting
 + Level 7.2 Necromancy
 + Level 2.7 Ice Magic


You had 9 spell levels left.
You knew the following spells:

 Your Spells              Type           Power      Damage    Failure   Level
a - Ozocubu's Armour      Ice            17%        N/A       11%         3
d - Vampiric Draining     Necr           35%        2d8       1%          3
n - Necrotise             Necr           100%       1d9       1%          1
s - Sandblast             Erth           10%        2d5       11%         1

Your spell library contained the following spells:

 Spells                   Type           Power      Damage    Failure   Level
 Animate Dead             Necr           35%        N/A       5%          4
 Summon Small Mammal      Summ           20%        N/A       11%         1
 Agony                    Necr           35%        N/A       16%         5
 Call Canine Familiar     Summ           5%         N/A       32%         3
 Summon Guardian Golem    Hex/Summ       5%         N/A       32%         3
 Olgreb's Toxic Radiance  Pois           5%         N/A       71%         4
 Orb of Destruction       Conj           2%         9d5       100%        7
 Ozocubu's Refrigeration  Ice            8%         4d9       100%        7
 Spellforged Servitor     Conj/Summ      2%         N/A       100%        7
 Ignition                 Fire           2%         3d3       100%        8


Dungeon Overview and Level Annotations

Branches:
Dungeon (6/15)             Temple (1/1) D:4         Ossuary (visited)

Altars:
Ashenzari
Cheibriados
Dithmenos
Fedhas
Gozag
Hepliaklqana
Kikubaaqudgha
Makhleb
Nemelex Xobeh
Okawaru
Qazlal
Ru
Sif Muna
Trog
Uskayaw
Vehumet
Wu Jian
Xom
Yredelemnul

Annotations:
D:2 1 runed translucent door, Crazy Yiuf
D:6 Maggie


Innate Abilities, Weirdness & Mutations

You are surrounded by a mild repulsion field. (EV +2)
You regenerate a lot of health from kills.
Your touch may inflict irresistible damage on your foes.


Message History

You draw life force from the troll.
You feel life coursing into your body. The troll bites you!
The troll barely misses you. The troll closely misses you.
Unknown command.
Casting: Vampiric Draining (safe; 1% risk of failure)
Confirm with . or Enter, or press ? or * to list all spells.
Aiming: Vampiric Draining (safe; 1% risk of failure)
Press: ? - help, Shift-Dir - straight line, f/p - troll
Aim: a troll (heavily wounded)
You miscast Vampiric Draining.
You are very lightly contaminated with residual magic.
Nothing appears to happen.
The troll bites you! The troll claws you!
* * * LOW HITPOINT WARNING * * *
The troll claws you!
* * * LOW HITPOINT WARNING * * *
Casting: Vampiric Draining (safe; 1% risk of failure)
Confirm with . or Enter, or press ? or * to list all spells.
Aiming: Vampiric Draining (safe; 1% risk of failure)
Press: ? - help, Shift-Dir - straight line, f/p - troll
Aim: a troll (heavily wounded)
You draw life force from the troll!
You feel life coursing into your body. The troll misses you.
The troll barely misses you. The troll claws you.
* * * LOW HITPOINT WARNING * * *
Unknown command.
Casting: Vampiric Draining (safe; 1% risk of failure)
Confirm with . or Enter, or press ? or * to list all spells.
Aiming: Vampiric Draining (safe; 1% risk of failure)
Press: ? - help, Shift-Dir - straight line, f/p - troll
Aim: a troll (severely wounded)
You draw life force from the troll.
You feel life coursing into your body. The troll bites you!
* * * LOW HITPOINT WARNING * * *
The troll closely misses you. The troll misses you.
Casting: Vampiric Draining (safe; 1% risk of failure)
Confirm with . or Enter, or press ? or * to list all spells.
Aiming: Vampiric Draining (safe; 1% risk of failure)
Press: ? - help, Shift-Dir - straight line, f/p - troll
Aim: a troll (severely wounded)
You draw life force from the troll.
You feel life coursing into your body. The troll barely misses you.
The troll claws you!
You die...

########...##
##.## #.# #.#
##'## ##...##
##.....##
#.......## #
#.<......@####..@#
+.........T......>
#.........##.#...#
##.......## # #
##.....#.
##...##.# ..... ..
###.. ## #.


You could see a troll.

Vanquished Creatures
  A black bear (D:5)
  3 ogres
  A bullfrog (D:6)
  A scorpion (D:5)
  2 water moccasin zombies (Ossuary)
  2 howler monkeys
  4 hounds
  2 jellies
  Jessica (D:2)
  An iguana (D:5)
  Terence (D:2)
  2 orc wizards
  2 mummies (Ossuary)
  4 gnolls (D:5)
  5 adders
  A shadow imp (D:5)
  2 adder zombies (Ossuary)
  7 orcs
  An endoplasm (D:1)
  4 giant cockroaches
  5 gnoll zombies (Ossuary)
  8 goblins
  6 hobgoblins
  3 jackals (D:3)
  3 ball pythons
  6 bats
  2 hobgoblin zombies (Ossuary)
  6 kobolds
  7 kobold zombies (Ossuary)
  6 orc zombies (Ossuary)
  3 rats
102 creatures vanquished.

Vanquished Creatures (collateral kills)
  A worm (D:2)
  An orc (D:6)
  A frilled lizard (D:1)
3 creatures vanquished.

Grand Total: 105 creatures vanquished

Notes
Turn   | Place    | Note
-------+----------+-------------------------------------------
     0 | D:1      | ThatPearl the Demonspawn Necromancer began the quest for
                  | the Orb.
     0 | D:1      | Reached XP level 1. HP: 13/13 MP: 3/3
   638 | D:1      | Gained mutation: You regenerate a little health from kills.
                  | [demonic ancestry]
   638 | D:1      | Reached XP level 2. HP: 20/20 MP: 1/5
   778 | D:1      | Reached skill level 1 in Fighting
   835 | D:1      | Found a faded altar of an unknown god.
  1239 | D:2      | Gained mutation: Your touch may inflict minor irresistible
                  | damage on your foes. [demonic ancestry]
  1239 | D:2      | Reached XP level 3. HP: 26/26 MP: 2/6
  1381 | D:2      | Found a hazy altar of Hepliaklqana.
  1404 | D:2      | Noticed Jessica
  1414 | D:2      | Killed Jessica
  1415 | D:2      | Reached skill level 5 in Necromancy
  1415 | D:2      | Gained mutation: Your touch may inflict irresistible damage
                  | on your foes. [demonic ancestry]
  1415 | D:2      | Reached XP level 4. HP: 30/33 MP: 1/8
  1509 | D:2      | Learned a level 3 spell: Vampiric Draining
  1513 | D:2      | Learned a level 3 spell: Ozocubu's Armour
  1597 | D:2      | Noticed Terence
  1608 | D:2      | Killed Terence
  1868 | D:2      | Found a runed translucent door.
  1869 | D:2      | Noticed Crazy Yiuf
  2481 | D:3      | Gained mutation: You regenerate health from kills. [demonic
                  | ancestry]
  2481 | D:3      | Reached XP level 5. HP: 39/39 MP: 1/9
  3328 | D:4      | Found a staircase to the Ecumenical Temple.
  3343 | Temple   | Entered the Ecumenical Temple
  3524 | Temple   | Became a worshipper of Vehumet
  3998 | D:4      | Found a burning altar of Makhleb.
  4124 | D:4      | Reached XP level 6. HP: 36/47 MP: 11/11
  4241 | D:4      | Found an ornate altar of the Wu Jian Council.
  4327 | D:5      | Entered Level 5 of the Dungeon
  4399 | D:5      | Reached skill level 6 in Necromancy
  4686 | D:5      | Reached skill level 1 in Ice Magic
  4686 | D:5      | Gained mutation: You regenerate a lot of health from kills.
                  | [demonic ancestry]
  4686 | D:5      | Reached XP level 7. HP: 48/54 MP: 13/13
  5326 | D:6      | Identified the +4 war axe "Polocrem" {vorpal, Str+4 Int+2}
  5341 | D:6      | Found a sand-covered staircase.
  5346 | Ossuary  | Entered an ossuary
  5380 | Ossuary  | Reached * piety under Vehumet
  5380 | Ossuary  | Offered knowledge of Sandblast by Vehumet.
  5381 | Ossuary  | Reached skill level 7 in Necromancy
  5423 | Ossuary  | Learned a level 1 spell: Sandblast
  5442 | Ossuary  | Gained mutation: You are surrounded by a mild repulsion
                  | field. (EV +2) [demonic ancestry]
  5442 | Ossuary  | Reached XP level 8. HP: 53/61 MP: 15/15
  5444 | Ossuary  | Reached skill level 5 in Spellcasting
  5575 | D:6      | Reached skill level 5 in Fighting
  5641 | D:6      | Noticed a troll
  5646 | D:6      | Noticed Maggie
  5652 | D:6      | HP: 3/62 [troll (7)]
  5653 | D:6      | Slain by a troll

Illustrated notes

Levels and vault maps discovered:
D:1:      lightli_arrival_boilingwater, layout_loops_ring,
          shapermc_ecumenical_altar_notcrosses
D:2:      layout_loops_ring, basic_altar, uniq_terence, uniq_jessica,
          uniq_crazy_yiuf_cottage
D:3:      layout_loops_ring, palyth_stone_intersect
D:4:      layout_loops_ring, nzn_wu_jian_council_hall, makhleb_heckhound_becter,
          minmay_temple_entry_wispy, minmay_tree_intersection
D:5:      layout_loops_ring
D:6:      layout_loops_corners, enter_ossuary_5, uniq_maggie, uniq_eustachio,
          uniq_prince_ribbit1
Temple:   nicolae_temple_slightly_damp_pantheon

Skill      XL: |  1  2  3  4  5  6  7  8 |
---------------+-------------------------+-----
Fighting       | 1 2 3 4 5 |  5.0
Necromancy     | 5 6 7 |  7.2
Spellcasting   | 3 4 5 |  5.1
Ice Magic      | 1 2 |  2.7
Dodging        | |  1.7
Stealth        | |  1.7

Action                   |  1- 3 |  4- 6 |  7- 9 || total
-------------------------+-------+-------+-------++-------
Melee: Unarmed           |    10 |       |       ||    10
       Short sword       |     2 |       |       ||     2
       War axe           |       |    24 |    49 ||    73
       Touch             |       |     3 |     9 ||    12
       Punch             |       |       |     1 ||     1
 Cast: Necrotise         |    45 |    79 |    42 ||   166
       Vampiric Draining |       |     2 |     8 ||    10
       Sandblast         |       |       |     1 ||     1
  Use: Scroll            |       |       |     6 ||     6
 Stab: Sleeping          |     1 |     1 |     1 ||     3
Armor: Robe              |     5 |    12 |    14 ||    31
Dodge: Dodged            |    29 |    50 |    75 ||   154
